 Dungeon Crawl Stone Soup version 0.31-a0-188-g5e087ee2ca (webtiles) character file.

Game seed: 9022843390241712240

43 qw the Shooter (level 3, 0/20 HPs)
             Began as a Deep Elf Hunter on June 23, 2023.
             Slain by an ogre
             ... wielding a +0 giant spiked club
              (20 damage)
             ... on level 2 of the Dungeon.
             The game lasted 00:00:25 (1248 turns).

qw the Shooter (Deep Elf Hunter)                    Turns: 1248, Time: 00:00:25

Health: 0/20       AC:  5    Str: 10    XL:     3   Next: 37%
Magic:  5/5        EV: 11    Int: 13    God:
Gold:   90         SH:  0    Dex: 18    Spells: 2/2 levels left

rFire   . . .        Y - +0 shortbow
rCold   . . .        (shield currently unavailable)
rNeg    . . .        g - +0 ring mail
rPois   .            (no helmet)
rElec   .            (no cloak)
rCorr   .            (no gloves)
SInv    .            (no boots)
Will    .....        (no amulet)
Stlth   +            (no ring)
HPRegen 0.23/turn    (no ring)
MPRegen 0.09/turn

%: no passive effects
@: no status effects
A: no striking features
a: no special abilities


You were on level 2 of the Dungeon.
You visited 1 branch of the dungeon, and saw 2 of its levels.

You collected 90 gold pieces.


   Skills:
 - Level 1.5 Fighting
 + Level 6.9 Ranged Weapons
 - Level 2.4 Dodging
 - Level 1.2 Stealth


You had 2 spell levels left.
You didn't know any spells.
Your spell library was empty.

Inventory:

Hand Weapons
 Y - a +0 shortbow (weapon)
Armour
 g - a +0 ring mail (worn)
Jewellery
 d - a ring of see invisible
Scrolls
 a - a scroll of torment {unknown}
 b - a scroll of summoning {unknown}
 c - a scroll of teleportation {unknown}

Dungeon Overview and Level Annotations

Branches:
Dungeon (2/15)

Altars:

Shops:
D:1 (


Message History

You shoot an arrow. The arrow hits the kobold.
The kobold is severely wounded.
You shoot an arrow.
The arrow hits the kobold but does no damage.
The kobold is moderately wounded.
The kobold throws a stone.
The stone misses you.
You shoot an arrow. The arrow misses the kobold.
The kobold throws a stone.
The stone hits you.
You shoot an arrow. The arrow hits the kobold.
You kill the kobold!
You start resting.
HP restored.
Things that are here:
a +0 dagger; 2 stones; a kobold corpse
Found a stone staircase leading down.
Enter note:
Enter note:
Enter note:
Enter note:
There is a stone staircase leading down here.
Found an escape hatch in the ceiling.
Enter note:
Enter note:
Enter note:
Enter note: An ogre comes into view. It is wielding a +0 giant spiked club.
The ogre shouts!
Enter note:
Enter note:
Enter note:
Enter note: You shoot an arrow.
The arrow hits the ogre!
The ogre is moderately wounded.
You shoot an arrow. The arrow hits the ogre.
The ogre is moderately wounded.
You shoot an arrow. The arrow hits the ogre.
The ogre is heavily wounded.
The ogre hits you with a +0 giant spiked club!!
Ouch! That really hurt!
You die...

..####.### .....
.......... ###
.#.. #.<.......
..# # #.#
#%####.### ...
#.#.# #.# # #<#
#.#.. #.# #.#
#.).. #.#
#######.# ###..
#.# ......O.#
#.... #.# #@#
#.### #.#
#.########## #.# #
#.# #..........#
#.### #.#
#..#######.###..>.
#..# #........
#..# #########
#..# #... ####


You could see an ogre.

Vanquished Creatures
  An adder (D:2)
  A ball python (D:2)
  8 bats
  3 endoplasms
  A giant cockroach (D:2)
  4 hobgoblins
  2 quokkas
  2 frilled lizards (D:1)
  3 goblins
  2 kobolds (D:2)
  5 rats
32 creatures vanquished.

Notes
Turn   | Place    | Note
-------+----------+-------------------------------------------
     0 | D:1      | qw the Deep Elf Hunter began the quest for the Orb.
     0 | D:1      | Reached XP level 1. HP: 12/12 MP: 3/3
     0 | D:1      | 0 ||| qw: Version: 0.3-a-9-g12657ce
     0 | D:1      | 0 ||| qw: Game counter: 3247
     0 | D:1      | 0 ||| qw: Always use a shield: true
     0 | D:1      | 0 ||| qw: God list: Okawaru
     0 | D:1      | 0 ||| qw: Allow faded altars: false
     0 | D:1      | 0 ||| qw: Do Orc after D:15 true
     0 | D:1      | 0 ||| qw: Do second Lair branch before Depths: true
     0 | D:1      | 0 ||| qw: Lair rune preference: random
     0 | D:1      | 0 ||| qw: Plans: Normal
     0 | D:1      | 0 ||| PLANNING D:1-11
   125 | D:1      | Found Vava's Weapon Boutique.
   281 | D:1      | Reached XP level 2. HP: 16/16 MP: 4/4
   284 | D:1      | Reached skill level 6 in Ranged Weapons
   879 | D:1      | 879 ||| UPGRADING to +0 ring mail.
   889 | D:1      | 889 ||| DROPPING +0 leather armour.
   890 | D:1      | 890 ||| DROPPING ring of wizardry.
   891 | D:1      | 891 ||| READING scroll labelled VUMOEZITYP.
   892 | D:1      | 892 ||| READING scroll labelled HIORIA QEOF.
   893 | D:1      | 893 ||| DROPPING scroll of butterflies.
  1012 | D:2      | 1012 ||| FLEEEEING.
  1109 | D:2      | Reached XP level 3. HP: 11/20 MP: 5/5
  1245 | D:2      | Noticed an ogre
  1248 | D:2      | Slain by an ogre

Levels and vault maps discovered:
D:1:      tarquinn_simple_flora_water_f, layout_loops_corners, serial_shops,
          nicolae_shop_crystal, minmay_misc_feat_x
D:2:      layout_loops_ring

Skill      XL: |  1  2 |
---------------+-------+-----
Ranged Weapons | 6 |  6.9
Fighting       | |  1.5
Dodging        | |  2.4
Stealth        | |  1.2

Action                     || total
---------------------------++-------
   Fire: Shortbow          ||   106
    Use: Scroll            ||     2
 Armour: Leather armour    ||     8
         Ring mail         ||     4
  Dodge: Dodged            ||    34

Table legend:
 A = Non-vault XP
 B = Vault XP
 C = Vault XP percentage of total XP
 D = Non-vault monster count
 E = Vault monster count
 F = Vault count percentage of total count
                 A         B        C        D         E       F
            +---------+---------+-------+---------+---------+-------
      Total |      62 |       0 |   0.0 |      32 |       0 |   0.0
            +---------+---------+-------+---------+---------+-------
        D:1 |      27 |       0 |   0.0 |      17 |       0 |   0.0
        D:2 |      35 |       0 |   0.0 |      15 |       0 |   0.0
            +---------+---------+-------+---------+---------+-------
